APL (24 & UNDER)
ATHENS ASSASSINS @ NANTUCKET ORCAS
06/30/2030
 
TOP OF THE 1ST
Athens Assassins batting - Pitching for Nantucket Orcas : RHP Emílio Benítez
Pitching: RHP Emílio Benítez
Batting: RHB Pat Johnston 0-0: Called Strike
0-1: Ball
1-1: Swinging Strike
1-2: Foul Ball, location: 2F
1-2: Ball
2-2: Strikes out looking
Batting: RHB Luis López 0-0: Foul Ball, location: 2F
0-1: Ball
1-1: Ball
2-1: Hit by Pitch
Batting: RHB John Jones 0-0: Ball
1-0: SINGLE (Line Drive, 6D)
Luis López to second
Batting: RHB Jonathon García 0-0: Ball
1-0: SINGLE (Groundball, 15S) (infield hit)
Luis López to third
John Jones to second
Batting: RHB Maximino Abbado 0-0: Called Strike
0-1: Called Strike
0-2: Strikes out looking
Batting: RHB Kiyonaga Ogawa 0-0: Ball
1-0: Called Strike
1-1: Called Strike
1-2: Ground out 1-3 (Groundball, P)
Top of the 1st over - 0 runs, 2 hits, 0 errors, 3 left on base; Athens 0 - Nantucket 0
BOTTOM OF THE 1ST
Nantucket Orcas batting - Pitching for Athens Assassins : RHP James Mantle
Pitching: RHP James Mantle
Batting: RHB Charlie Pérez 0-0: Ball
1-0: Ball
2-0: Ball
3-0: Base on Balls
Batting: RHB Demetrio Inrouville 0-0: Ball
1-0: Ball
2-0: Called Strike
2-1: Ball
3-1: Grounds into double play, 6-4-3 (Groundball, 6)
Batting: LHB Eugene Lee 0-0: Ball
1-0: Foul Ball, location: 2F
1-1: Ball
2-1: Called Strike
2-2: Fly out, F8 (Line Drive, 8RS)
Bottom of the 1st over - 0 runs, 0 hits, 0 errors, 0 left on base; Athens 0 - Nantucket 0
TOP OF THE 2ND
Athens Assassins batting - Pitching for Nantucket Orcas : RHP Emílio Benítez
Batting: RHB Jake Erickson 0-0: Ground out 5-3 (Groundball, 2L)
Batting: RHB Júlio Castillo 0-0: Called Strike
0-1: Ground out 6-3 (Groundball, 6MD)
Batting: RHB Alfonso Flores 0-0: Foul Ball, location: 2F
0-1: Ball
1-1: Foul Ball, location: 2F
1-2: Foul Ball, location: 2F
1-2: Ground out U3 (Groundball, 3L)
Top of the 2nd over - 0 runs, 0 hits, 0 errors, 0 left on base; Athens 0 - Nantucket 0
BOTTOM OF THE 2ND
Nantucket Orcas batting - Pitching for Athens Assassins : RHP James Mantle
Batting: RHB Fernando Álvarez 0-0: Foul Ball, location: 2F
0-1: Ground out 1-5-3 (Groundball, 15S)
Batting: RHB Matt Dundee 0-0: Called Strike
0-1: Swinging Strike
0-2: Ball
1-2: SINGLE (Line Drive, 8RS)
Batting: LHB Alfonso Vélez 0-0: Foul Ball, location: 2F
0-1: Called Strike
0-2: SINGLE (Groundball, 2L) (infield hit)
Matt Dundee to second
Batting: RHB Paul Bell 0-0: Foul Ball, location: 2F
0-1: Ground out 5-3 (Groundball, 56S)
Matt Dundee to third
Alfonso Vélez to second
Batting: RHB Curt O'Brian 0-0: Fly out, F9 (Flyball, 89D)
Bottom of the 2nd over - 0 runs, 2 hits, 0 errors, 2 left on base; Athens 0 - Nantucket 0
TOP OF THE 3RD
Athens Assassins batting - Pitching for Nantucket Orcas : RHP Emílio Benítez
Batting: RHB Pat Johnston 0-0: Ball
1-0: SINGLE (Groundball, 56D)
Batting: RHB Luis López 0-0: Ball
1-0: Foul Ball, location: 2F
1-1: SINGLE (Line Drive, 6MD)
Pat Johnston to second
Batting: RHB John Jones 0-0: Ball
1-0: Ball
2-0: Foul Ball, location: 2F
2-1: Fly out, F9 (Flyball, 9D)
Runner from 2nd tags up, SAFE at 3rd, no throw
Batting: RHB Jonathon García 0-0: Ball
1-0: Called Strike
1-1: Ball
2-1: Ball
3-1: SINGLE (Flyball, 4MD)
Pat Johnston scores
Luis López to second
Batting: RHB Maximino Abbado 0-0: Ball
1-0: SINGLE (Groundball, 4MS) (infield hit)
Luis López to third
Jonathon García to second
Batting: RHB Kiyonaga Ogawa 0-0: Called Strike
0-1: Ball
1-1: Swinging Strike
1-2: Foul Ball, location: 2F
1-2: Fly out, F8 (Flyball, 8LM)
Runner from 3rd tags up, SCORES, throw made
Batting: RHB Jake Erickson 0-0: Ball
1-0: Called Strike
1-1: Called Strike
1-2: Strikes out looking
Top of the 3rd over - 2 runs, 4 hits, 0 errors, 2 left on base; Athens 2 - Nantucket 0
BOTTOM OF THE 3RD
Nantucket Orcas batting - Pitching for Athens Assassins : RHP James Mantle
Batting: RHB Norberto Navarro 0-0: Fly out, F6 (Line Drive, 6)
Batting: RHB Charlie Pérez 0-0: Ball
1-0: Fly out, F3 (Popup, 34)
Batting: RHB Demetrio Inrouville 0-0: Ball
1-0: Called Strike
1-1: Ball
2-1: SINGLE (Line Drive, 4MD)
Batting: LHB Eugene Lee 0-0: Called Strike
0-1: Ball
1-1: Foul Ball, location: 2F
1-2: Ball
2-2: Strikes out swinging, 2-3 out at first.
Bottom of the 3rd over - 0 runs, 1 hit, 0 errors, 1 left on base; Athens 2 - Nantucket 0
TOP OF THE 4TH
Athens Assassins batting - Pitching for Nantucket Orcas : RHP Emílio Benítez
Batting: RHB Júlio Castillo 0-0: Foul Ball, location: 2F
0-1: Ball
1-1: Ball
2-1: Ball
3-1: Foul Ball, location: 2F
3-2: Foul Ball, location: 2F
3-2: Foul Ball, location: 2F
3-2: Fly out, F9 (Flyball, 9)
Batting: RHB Alfonso Flores 0-0: Called Strike
0-1: Ground out 4-3 (Groundball, 4MS)
Batting: RHB Pat Johnston 0-0: DOUBLE (Flyball, 78D)
Batting: RHB Luis López 0-0: Ball
1-0: Fly out, F7 (Flyball, 7S)
Top of the 4th over - 0 runs, 1 hit, 0 errors, 1 left on base; Athens 2 - Nantucket 0
BOTTOM OF THE 4TH
Nantucket Orcas batting - Pitching for Athens Assassins : RHP James Mantle
Batting: RHB Fernando Álvarez 0-0: Ball
1-0: Swinging Strike
1-1: Foul Ball, location: 2F
1-2: Ball
2-2: Foul Ball, location: 2F
2-2: Strikes out swinging
Batting: RHB Matt Dundee 0-0: Called Strike
0-1: Swinging Strike
0-2: Ball
1-2: Ball
2-2: Strikes out looking
Batting: LHB Alfonso Vélez 0-0: Swinging Strike
0-1: Reached on error, E4 (Groundball, 4MS)
Batting: RHB Paul Bell 0-0: Ball
1-0: SINGLE (Flyball, 8LS)
Alfonso Vélez to second
Batting: RHB Curt O'Brian 0-0: Ball
1-0: Ball
2-0: Called Strike
2-1: Swinging Strike
2-2: Fly out, F6 (Popup, 6MS)
Bottom of the 4th over - 0 runs, 1 hit, 1 error, 2 left on base; Athens 2 - Nantucket 0
TOP OF THE 5TH
Athens Assassins batting - Pitching for Nantucket Orcas : RHP Emílio Benítez
Batting: RHB John Jones 0-0: Ball
1-0: Ball
2-0: Ground out 6-3 (Groundball, 6)
Batting: RHB Jonathon García 0-0: Ball
1-0: Called Strike
1-1: Ball
2-1: Foul Ball, location: 2F
2-2: SINGLE (Line Drive, 7LS)
Pitching: RHP Gerard Pérez
Batting: RHB Maximino Abbado 0-0: SINGLE (Line Drive, 34D)
Jonathon García to second
Batting: RHB Kiyonaga Ogawa 0-0: Ball
1-0: Swinging Strike
1-1: Called Strike
1-2: Foul Ball, location: 2F
1-2: Strikes out swinging
Batting: RHB Jake Erickson 0-0: Called Strike
0-1: Called Strike
0-2: Ball
1-2: Strikes out looking
Top of the 5th over - 0 runs, 2 hits, 0 errors, 2 left on base; Athens 2 - Nantucket 0
BOTTOM OF THE 5TH
Nantucket Orcas batting - Pitching for Athens Assassins : RHP James Mantle
Batting: RHB Norberto Navarro 0-0: Ball
1-0: Ball
2-0: Ball
3-0: Base on Balls
Batting: RHB Charlie Pérez 0-0: Ball
1-0: Ball
2-0: Called Strike
2-1: Swinging Strike
2-2: Strikes out swinging
Batting: RHB Demetrio Inrouville 0-0: Ball
1-0: Called Strike
1-1: Swinging Strike
1-2: Ball
2-2: Ball
3-2: Foul Ball, location: 2F
3-2: Base on Balls
Norberto Navarro to second
Batting: LHB Eugene Lee 0-0: Ball
1-0: Ball
2-0: Ball
3-0: Called Strike
3-1: Swinging Strike
3-2: Grounds into double play, 4-6-3 (Groundball, 4M)
Bottom of the 5th over - 0 runs, 0 hits, 0 errors, 1 left on base; Athens 2 - Nantucket 0
TOP OF THE 6TH
Athens Assassins batting - Pitching for Nantucket Orcas : RHP Gerard Pérez
Batting: RHB Júlio Castillo 0-0: Ground out 5-3 (Groundball, 56S)
Batting: RHB Alfonso Flores 0-0: Ball
1-0: Called Strike
1-1: Called Strike
1-2: SINGLE (Line Drive, 9S)
Batting: RHB Pat Johnston 0-0: Foul Ball, location: 2F
0-1: Foul Ball, location: 2F
0-2: SINGLE (Groundball, 56D)
Alfonso Flores to second
Batting: RHB Luis López 0-0: Ground out 5-3 (Groundball, 56S)
Alfonso Flores to third
Pat Johnston to second
Batting: RHB John Jones 0-0: Called Strike
0-1: Foul Ball, location: 2F
0-2: Ball
1-2: Strikes out swinging
Top of the 6th over - 0 runs, 2 hits, 0 errors, 2 left on base; Athens 2 - Nantucket 0
BOTTOM OF THE 6TH
Nantucket Orcas batting - Pitching for Athens Assassins : RHP James Mantle
Batting: RHB Fernando Álvarez 0-0: Foul Ball, location: 2F
0-1: Fly out, F9 (Flyball, 9LS)
Batting: RHB Matt Dundee 0-0: Foul Ball, location: 2F
0-1: Ball
1-1: Ball
2-1: Called Strike
2-2: Foul Ball, location: 2F
2-2: Foul Ball, location: 2F
2-2: Ball
3-2: Foul Ball, location: 2F
3-2: Foul Ball, location: 2F
3-2: Foul Ball, location: 2F
3-2: Strikes out swinging
Batting: LHB Alfonso Vélez 0-0: Ball
1-0: Called Strike
1-1: Ball
2-1: Ball
3-1: Base on Balls
Batting: RHB Paul Bell 0-0: Called Strike
0-1: Fly out, F8 (Flyball, 8RS)
Bottom of the 6th over - 0 runs, 0 hits, 0 errors, 1 left on base; Athens 2 - Nantucket 0
TOP OF THE 7TH
Athens Assassins batting - Pitching for Nantucket Orcas : RHP Gerard Pérez
Batting: RHB Jonathon García 0-0: Ball
1-0: Ball
2-0: Foul Ball, location: 2F
2-1: SINGLE (Groundball, 56D)
Batting: RHB Maximino Abbado 0-0: Called Strike
0-1: Ball
1-1: Foul Ball, location: 2F
1-2: Strikes out swinging
Batting: RHB Kiyonaga Ogawa 0-0: Swinging Strike
0-1: Ball
1-1: Ball
2-1: Foul Ball, location: 2F
2-2: Strikes out swinging
Batting: RHB Jake Erickson 0-0: Ball
1-0: Called Strike
1-1: Swinging Strike
1-2: SINGLE (Groundball, 4MD)
Jonathon García to second
Pinch Hitting: RHB Jorge Loanos 0-0: Called Strike
0-1: Fielders Choice at 2nd, 5-4 (Groundball, 5)
Top of the 7th over - 0 runs, 2 hits, 0 errors, 2 left on base; Athens 2 - Nantucket 0
BOTTOM OF THE 7TH
Nantucket Orcas batting - Pitching for Athens Assassins : RHP James Mantle
Now in RF: Britt Short
Batting: RHB Curt O'Brian 0-0: Ground out 4-3 (Groundball, 4M)
Batting: RHB Norberto Navarro 0-0: Ball
1-0: Ball
2-0: Called Strike
2-1: Foul Ball, location: 2F
2-2: Foul Ball, location: 2F
2-2: Foul Ball, location: 2F
2-2: Strikes out swinging
Batting: RHB Charlie Pérez 0-0: Ball
1-0: SOLO HOME RUN (Flyball, 7D), Distance : 388 ft
Batting: RHB Demetrio Inrouville 0-0: Ball
1-0: Ball
2-0: Foul Ball, location: 2F
2-1: Swinging Strike
2-2: Foul Ball, location: 2F
2-2: DOUBLE (Line Drive, 8RD)
Pitching: LHP Tony Grimes
Pinch Hitting: RHB Juan Gómez 0-0: Ball
Wild Pitch!
Demetrio Inrouville to third
1-0: Ball
2-0: Ball
3-0: Base on Balls
Pinch Hitting: LHB Dennis King 0-0: Foul Ball, location: 2F
0-1: Ball
1-1: Ball
2-1: Ball
3-1: Foul Ball, location: 2F
3-2: Fly out, F9 (Flyball, 89S)
Bottom of the 7th over - 1 run, 2 hits, 0 errors, 2 left on base; Athens 2 - Nantucket 1
TOP OF THE 8TH
Athens Assassins batting - Pitching for Nantucket Orcas : RHP Gerard Pérez
Now at 1B: Juan Gómez
Now at SS: Armando Hernández
Batting: RHB Alfonso Flores 0-0: Ground out 4-3 (Groundball, 4S)
Batting: RHB Pat Johnston 0-0: Ball
1-0: Foul Ball, location: 2F
1-1: Ball
2-1: Fly out, F9 (Flyball, 9LSF)
Batting: RHB Luis López 0-0: Called Strike
0-1: Ball
1-1: Called Strike
1-2: Ball
2-2: Ball
3-2: Fly out, F9 (Flyball, 9)
Top of the 8th over - 0 runs, 0 hits, 0 errors, 0 left on base; Athens 2 - Nantucket 1
BOTTOM OF THE 8TH
Nantucket Orcas batting - Pitching for Athens Assassins : LHP Tony Grimes
Now at 1B: Justin Tomlinson
Batting: RHB Matt Dundee 0-0: Called Strike
0-1: Ball
1-1: Ball
2-1: Ball
3-1: Base on Balls
Pitching: LHP Fernando García
Batting: LHB Alfonso Vélez 0-0: Ball
1-0: Fly out, F7 (Flyball, 7)
Batting: RHB Paul Bell 0-0: Ball
1-0: Fly out, F9 (Line Drive, 9)
Batting: RHB Curt O'Brian 0-0: Called Strike
0-1: Ball
1-1: Ball
2-1: Foul Ball, location: 2F
2-2: SINGLE (Groundball, 34) (infield hit)
Matt Dundee to second
Batting: RHB Norberto Navarro 0-0: Ball
1-0: Ball
2-0: SINGLE (Groundball, 6MD)
Matt Dundee to third
Curt O'Brian to second
Runner from 3rd tries for Home, SAFE, no throw
Batting: RHB Charlie Pérez 0-0: Foul Ball, location: 2F
0-1: Ball
1-1: Swinging Strike
1-2: Strikes out looking
Bottom of the 8th over - 1 run, 2 hits, 0 errors, 2 left on base; Athens 2 - Nantucket 2
TOP OF THE 9TH
Athens Assassins batting - Pitching for Nantucket Orcas : RHP Gerard Pérez
Batting: RHB John Jones 0-0: Ball
1-0: Ball
2-0: Called Strike
2-1: Called Strike
2-2: Fly out, F8 (Flyball, 8LM)
Batting: RHB Jonathon García 0-0: Called Strike
0-1: Foul Ball, location: 2F
0-2: Ball
1-2: Ball
2-2: Ground out 5-3 (Groundball, 56)
Pinch Hitting: LHB Brian Turner 0-0: Called Strike
0-1: Fly out, F8 (Flyball, 89M)
Top of the 9th over - 0 runs, 0 hits, 0 errors, 0 left on base; Athens 2 - Nantucket 2
BOTTOM OF THE 9TH
Nantucket Orcas batting - Pitching for Athens Assassins : LHP Fernando García
Pitching: LHP Dan Thompson
Now in CF: Josh Bergman
Batting: RHB Demetrio Inrouville 0-0: Ball
1-0: Ball
2-0: Fly out, F5 (Line Drive, 5)
Batting: RHB Juan Gómez 0-0: Ball
1-0: Called Strike
1-1: SINGLE (Flyball, 89S)
Pinch Runner at 1st Hunter Hudson:
Batting: RHB Armando Hernández 0-0: Ball
1-0: Fly out, F7 (Flyball, 78S)
Batting: RHB Matt Dundee 0-0: Ball
1-0: Called Strike
1-1: Ball
2-1: Fielders Choice at 2nd, 6-4 (Groundball, 6)
Bottom of the 9th over - 0 runs, 1 hit, 0 errors, 1 left on base; Athens 2 - Nantucket 2
TOP OF THE 10TH
Athens Assassins batting - Pitching for Nantucket Orcas : RHP Gerard Pérez
Now in CF: Hunter Hudson
Batting: RHB Kiyonaga Ogawa 0-0: Ball
1-0: Ball
2-0: Foul Ball, location: 2F
2-1: Ball
3-1: Base on Balls
Pitching: LHP Luis Rincón
Batting: RHB Jake Erickson 0-0: Ball
1-0: Sac Bunt - play at first, batter OUT! 1-4
Kiyonaga Ogawa to second
Batting: RHB Britt Short 0-0: Swinging Strike
0-1: Ball
1-1: Called Strike
1-2: Ball
2-2: Strikes out looking
Batting: RHB Alfonso Flores 0-0: Foul Ball, location: 2F
0-1: Fly out, F5 (Line Drive, 5)
Top of the 10th over - 0 runs, 0 hits, 0 errors, 1 left on base; Athens 2 - Nantucket 2
BOTTOM OF THE 10TH
Nantucket Orcas batting - Pitching for Athens Assassins : LHP Dan Thompson
Batting: LHB Alfonso Vélez 0-0: Ball
1-0: Foul Ball, location: 2F
1-1: Ball
2-1: Ground out 4-3 (Groundball, 4)
Batting: RHB Paul Bell 0-0: Ball
1-0: DOUBLE (Line Drive, 7LS)
Batting: RHB Curt O'Brian 0-0: Ball
1-0: Foul Ball, location: 2F
1-1: Foul Ball, location: 2F
1-2: Ball
2-2: Strikes out swinging
Batting: RHB Norberto Navarro 0-0: Swinging Strike
0-1: Swinging Strike
0-2: 2-RUN HOME RUN (Flyball, 78XD), Distance : 399 ft
Saturday, April 7th, 2018 - OOTP Baseball 18.8 Build 76